 Dungeon Crawl Stone Soup version 0.31-a0-222-gefeffbb62a (webtiles) character file.

Game seed: 6916880139951841787

1777 Maxmaps the Covered (level 8, -16/67 HPs)
             Began as a Demonspawn Gladiator on July 6, 2023.
             Was an Initiate of Gozag.
             Demolished by a two-headed ogre
             ... wielding a +0 giant club
              (25 damage)
             ... on level 8 of the Dungeon.
             The game lasted 00:06:34 (5584 turns).

Maxmaps the Covered (Demonspawn Gladiator)          Turns: 5584, Time: 00:06:35

Health: -16/67     AC: 10    Str: 14    XL:     8   Next: 81%
Magic:  8/8        EV: 12    Int: 12    God:    Gozag
Gold:   375        SH:  0    Dex: 17    Spells: 7/7 levels left

rFire   . . .        w - +4 spear
rCold   . . .        (no shield)
rNeg    . . .        z - +0 acid dragon scales
rPois   .            c - +0 helmet
rElec   .            (no cloak)
rCorr   +            y - +0 pair of gloves
SInv    .            (no boots)
Will    .....        (no amulet)
Stlth   ++           (no ring)
HPRegen 0.31/turn    (no ring)
MPRegen 0.11/turn

%: no passive effects
@: studying Shields
A: thin skeletal structure 1, foul stench 1, powered by death 1, demonic touch 2
a: Renounce Religion, Potion Petition, Call Merchant, Bribe Branch


You were on level 8 of the Dungeon.
You worshipped Gozag.
Gozag was aware of your devotion.
You visited 2 branches of the dungeon, and saw 8 of its levels.
You also visited: Sewer.

You collected 471 gold pieces.
You paid 96 gold pieces to Gozag.

Inventory:

Hand Weapons
 a - a +0 trident of freezing
 w - a +4 spear (weapon)
Missiles
 d - 3 throwing nets (quivered)
 e - a javelin
Armour
 c - a +0 helmet (worn)
 y - a +0 pair of gloves (worn)
 z - +0 acid dragon scales (worn)
Wands
 p - a wand of flame (21)
Scrolls
 b - a scroll of torment {unknown}
 f - 6 scrolls of teleportation
 q - 2 scrolls of revelation
 u - a scroll of amnesia
 v - 2 scrolls of identify
Potions
 g - a potion of enlightenment
 i - a potion of resistance
 j - 4 potions of heal wounds
 k - 3 potions of curing
 l - 3 potions of brilliance
 n - a potion of lignification
 o - a potion of degeneration
 r - 2 potions of cancellation
 s - 2 potions of haste {unknown}
 t - a potion of mutation {unknown}
 x - a potion of invisibility {unknown}


   Skills:
 - Level 7.0 Fighting
 - Level 4.0 Polearms
 - Level 1.7 Throwing
 + Level 7.7 Armour
 - Level 2.6 Dodging


You had 7 spell levels left.
You didn't know any spells.
Your spell library contained the following spells:

 Spells                   Type           Power      Damage    Failure   Level
 Shock                    Conj/Air       0%         1d3       41%         1
 Call Canine Familiar     Summ           0%         N/A       80%         3
 Portal Projectile        Hex/Tloc       0%         N/A       80%         3
 Swiftness                Air            0%         N/A       80%         3
 Airstrike                Air            0%         2d(0-16)  99%         4
 Leda's Liquefaction      Hex/Erth       0%         N/A       99%         4


Dungeon Overview and Level Annotations

Branches:
Dungeon (8/15)             Temple (1/1) D:6           Sewer (visited)
   Lair: D:8-11

Altars:
Ashenzari
Cheibriados
Fedhas
Gozag
Hepliaklqana
Nemelex Xobeh
Qazlal
Ru
Trog
Uskayaw
Wu Jian
Xom

Annotations:
D:7 3 runed translucent doors, holysushi's ghost, novice FoFi


Innate Abilities, Weirdness & Mutations

You have a somewhat thin skeletal structure. (Dex +2, Stealth+)
You may rarely emit foul miasma when damaged in melee.
You regenerate a little health from kills.
Your touch may inflict irresistible damage on your foes.


Message History

a +0 short sword; 2 stones
There is a stone staircase leading down here.
You climb downwards.
Found a stone staircase leading down.
There is a stone staircase leading up here.
A two-headed ogre comes into view. It is wielding two +0 giant clubs.
Found 19 gold pieces.
A two-headed ogre is nearby!
A two-headed ogre is nearby!
You reach to attack!
The helpless two-headed ogre fails to defend itself.
You puncture the two-headed ogre!
The two-headed ogre is lightly wounded.
You reach to attack!
You hit the two-headed ogre.
The two-headed ogre is lightly wounded.
You hit the two-headed ogre.
You touch the two-headed ogre!
The two-headed ogre is moderately wounded.
The two-headed ogre closely misses you.
The two-headed ogre hits you with a +0 giant club!!
You puncture the two-headed ogre!
The two-headed ogre is heavily wounded.
The two-headed ogre hits you with a +0 giant club!!
The two-headed ogre closely misses you.
You are too injured to fight recklessly!
You are too injured to fight recklessly!
You are too injured to fight recklessly!
You hit the two-headed ogre.
The two-headed ogre is heavily wounded.
You hit the two-headed ogre.
The two-headed ogre is heavily wounded.
The two-headed ogre hits you with a +0 giant club!
* * * LOW HITPOINT WARNING * * *
The two-headed ogre barely misses you.
You hit the two-headed ogre.
The two-headed ogre is severely wounded.
You hit the two-headed ogre.
The two-headed ogre is severely wounded.
The two-headed ogre hits you with a +0 giant club!!
You die...
Your body crumbles into a pile of gold.

#.# #.# ##.#
#..$ #..##
... #O#
#####@#####
#..<......#
#.....>......
#.........###
#.........#
#.........#
#.........#
###########


You could see a two-headed ogre.

Vanquished Creatures
  Maggie (D:7)
  Grinder (D:4)
  A steam dragon (D:7)
  Menkaure (D:7)
  An orc warrior (D:6)
  An ice beast (D:7)
  A centaur (D:7)
  2 kobold brigands
  2 scorpions (D:4)
  3 orc priests
  A hound (D:6)
  A jelly (D:6)
  2 gnoll boudas (D:6)
  2 iguanas
  2 orc wizards (D:4)
  4 gnolls (D:6)
  An adder (D:2)
  5 river rats (Sewer)
  A white imp (D:7)
  A dart slug (D:1)
  12 orcs
  2 bats
  5 endoplasms
  9 giant cockroaches
  2 goblins
  8 hobgoblins
  7 jackals
  3 quokkas (D:1)
  10 ball pythons
  5 frilled lizards
  25 kobolds
  26 rats
148 creatures vanquished.

Notes
Turn   | Place    | Note
-------+----------+-------------------------------------------
     0 | D:1      | Maxmaps the Demonspawn Gladiator began the quest for the
                  | Orb.
     0 | D:1      | Reached XP level 1. HP: 16/16 MP: 1/1
   241 | D:1      | Gained mutation: Your touch may inflict minor irresistible
                  | damage on your foes. [demonic ancestry]
   241 | D:1      | Reached XP level 2. HP: 22/22 MP: 2/2
   641 | D:1      | Reached XP level 3. HP: 27/27 MP: 3/3
   947 | D:2      | Found a sacrificial altar of Ru.
  1735 | D:3      | Found a bloodstained altar of Trog.
  1840 | D:3      | Found a shimmering altar of Xom.
  1842 | D:3      | Found an ornate altar of the Wu Jian Council.
  1849 | D:3      | Found a snail-covered altar of Cheibriados.
  2111 | D:3      | Gained mutation: You have a somewhat thin skeletal
                  | structure. (Dex +2, Stealth+) [demonic ancestry]
  2111 | D:3      | Reached XP level 4. HP: 33/34 MP: 4/4
  2292 | D:4      | Noticed a scorpion
  2303 | D:4      | Killed a scorpion
  2339 | D:4      | Noticed Grinder
  2343 | D:4      | Paralysed by Grinder for 4 turns
  2354 | D:4      | Paralysed by Grinder for 2 turns
  2364 | D:4      | Killed Grinder
  2365 | D:4      | Reached skill level 5 in Fighting
  2365 | D:4      | Gained mutation: You may rarely emit foul miasma when
                  | damaged in melee. [demonic ancestry]
  2365 | D:4      | Reached XP level 5. HP: 22/46 MP: 5/5
  2365 | D:4      | Reached XP level 6. HP: 25/52 MP: 6/6
  2657 | D:4      | You fall into a shaft and drop 2 floors!
  2663 | D:6      | Identified the +1 leather armour "Uciqee Laidgh" {*Slow
                  | +Blink rF+ Will+}
  2778 | D:6      | Found a glowing drain.
  2806 | Sewer    | Entered a sewer
  2833 | Sewer    | Gained mutation: Your touch may inflict irresistible damage
                  | on your foes. [demonic ancestry]
  2833 | Sewer    | Reached XP level 7. HP: 59/59 MP: 7/7
  3066 | Sewer    | Reached skill level 1 in Armour
  3676 | D:6      | Found a sacrificial altar of Ru.
  3735 | D:6      | Found a broken altar of Ashenzari.
  4203 | D:6      | Found a staircase to the Ecumenical Temple.
  4289 | Temple   | Entered the Ecumenical Temple
  4459 | Temple   | Became a worshipper of Gozag Ym Sagoz the Greedy
  4576 | D:7      | Found a runed translucent gate.
  4577 | D:7      | Found a runed translucent gate.
  4577 | D:7      | Found a runed translucent gate.
  4578 | D:7      | Found an opulent altar of Gozag.
  4578 | D:7      | Noticed a basilisk
  4578 | D:7      | Noticed holysushi's ghost (novice FoFi)
  4579 | D:7      | a basilisk changed into a black bear
  4618 | D:6      | Gained mutation: You regenerate a little health from kills.
                  | [demonic ancestry]
  4618 | D:6      | Reached XP level 8. HP: 42/67 MP: 8/8
  4740 | D:7      | Found a hide-covered altar of Uskayaw.
  4821 | D:7      | Reached skill level 5 in Armour
  4986 | D:7      | Found a stormy altar of Qazlal.
  5044 | D:7      | Noticed Menkaure
  5048 | D:7      | Killed Menkaure
  5054 | D:7      | Noticed Maggie
  5064 | D:7      | Killed Maggie
  5546 | D:7      | Noticed an eleionoma
  5575 | D:8      | Noticed a two-headed ogre
  5584 | D:8      | Demolished by a two-headed ogre

Illustrated notes

Levels and vault maps discovered:
D:1:      wheals_arrival_linesprint, layout_basic, solitary_fountain,
          minmay_fountain_box
D:2:      layout_basic, basic_altar, serial_aquarium, aquarium_bridge_square
          [aquarium_subvault_wall, aquarium_subvault_wall,
          aquarium_subvault_wall, aquarium_subvault_bridge], aquarium_window_2,
          aquarium_window_corridor_1, aquarium_window_1, aquarium_view_2d,
          aquarium_view_2e, aquarium_pool_1
D:3:      layout_rooms, minmay_overflow_temple_star_quad, bloody_trog,
          grunt_ministairs_5
D:4:      layout_basic, tso_metal_star, uniq_grinder
D:6:      layout_basic, ashenzari_conservatory_becter,
          mainiacjoe_overflow_alcove_2, minmay_temple_entry_offerings,
          portal_sewer_entry_f, nicolae_grassy_gnolls
D:7:      layout_cave_pools, nicolae_uskayaw_dance_hall, amcnicky_altar_gilded,
          ebering_ghost_gozag, uniq_menkaure, uniq_maggie
D:8:      layout_rooms, okawaru_ov_weapons_minmay, special_room
          [special_room_orc], chequers_garden
Temple:   nicolae_temple_bog_church

Skill      XL: |  1  2  3  4  5  6  7  8 |
---------------+-------------------------+-----
Polearms       | 3 4 |  4.0
Fighting       | 5 6 7 |  7.0
Armour         | 4 7 |  7.7
Throwing       | |  1.7
Dodging        | |  2.6

Action                     |  1- 3 |  4- 6 |  7- 9 || total
---------------------------+-------+-------+-------++-------
  Melee: Trident           |   128 |    82 |   152 ||   362
         Touch             |     7 |    13 |    22 ||    42
         Punch             |     2 |     1 |     3 ||     6
         Spear             |       |       |    96 ||    96
    Use: Scroll            |       |    11 |     6 ||    17
         Potion            |       |     1 |       ||     1
   Stab: Sleeping          |       |       |     1 ||     1
 Armour: Leather armour    |     5 |       |       ||     5
         Chain mail        |    67 |    68 |    71 ||   206
         Acid dragon scale |       |       |     5 ||     5
  Dodge: Dodged            |    40 |    27 |    85 ||   152

Table legend: (Time is in decaauts)
 A = Elapsed time spent in this place.
 B = Non-inter-level travel time spent in this place.
 C = Inter-level travel time spent in this place.
 D = Time resting spent in this place.
 E = Time spent auto-exploring this place.
 F = Levels seen in this place.
 G = Mean time per level.
                   A        B        C        D        E       F      G
               +--------+--------+--------+--------+--------+-----+--------+
         Total |   5636 |   5351 |    285 |    795 |   3504 |   9 |  626.2 |
       Dungeon |   4826 |   4575 |    251 |    795 |   2940 |   7 |  689.4 |
        Temple |    194 |    161 |     33 |      0 |    153 |   1 |  194.0 |
         Sewer |    615 |    615 |      0 |      0 |    410 |   1 |  615.0 |
               +--------+--------+--------+--------+--------+-----+--------+

Top non-repeatable levels by time:
     D:6: 1182 daAuts
     D:7: 958 daAuts
     D:1: 955 daAuts
     D:2: 683 daAuts
     D:3: 667 daAuts
   Sewer: 615 daAuts
     D:4: 370 daAuts
  Temple: 194 daAuts
     D:8: 9 daAuts
